 Dungeon Crawl Stone Soup version 0.24.0-37-gcf1ca852f1 (webtiles) character file.

Game seed: 17043955739152396382, levelgen mode: deterministic

2058 Emblim88 the Covert (level 9, -6/40 HPs)
             Began as a Spriggan Artificer on Dec 4, 2019.
             Was a Follower of Dithmenos.
             Mangled by Joseph
             ... wielding a +0 quarterstaff
              (12 damage)
             ... on level 6 of the Dungeon.
             The game lasted 00:59:28 (12496 turns).

Emblim88 the Covert (Spriggan Artificer)           Turns: 12496, Time: 00:59:29

Health: -6/40      AC:  5    Str:  8    XL:     9   Next: 5%
Magic:  13/13      EV: 21    Int: 12    God:    Dithmenos [*.....]
Gold:   436        SH:  6    Dex: 20    Spells: 8/8 levels left

rFire    . . .     SeeInvis +   i - +1 dagger (venom)
rCold    . . .     Gourm    .   (shield restricted)
rNeg     . . .     Faith    .   b - +0 robe
rPois    .         Spirit   .   w - +1 hat
rElec    .         Reflect  +   k - +1 cloak
rCorr    .         Harm     .   (gloves unavailable)
MR       +....                  (boots unavailable)
Stlth    ++++++....             m - +6 amulet of reflection
HPRegen  0.13/turn              x - +4 ring of evasion
MPRegen  0.13/turn              (no ring)

@: wreathed by umbra, heavily drained, very quick
A: very small, unfitting armour, see invisible, herbivore, speed 3, slow
metabolism 2
a: Renounce Religion


You were on level 6 of the Dungeon.
You worshipped Dithmenos.
Dithmenos was aware of your devotion.
You were hungry.

You visited 2 branches of the dungeon, and saw 8 of its levels.

You collected 436 gold pieces.

Inventory:

Hand Weapons
 i - a +1 dagger of venom (weapon)
Missiles
 a - 50 stones
 q - 65 sling bullets (quivered)
Armour
 b - a +0 robe (worn)
 k - a +1 cloak (worn)
 w - a +1 hat (worn)
Jewellery
 e - an uncursed amulet of harm
 m - a +6 amulet of reflection (around neck)
 x - a +4 ring of evasion (left hand)
 y - a +4 ring of dexterity {unknown}
Wands
 d - a wand of enslavement (14)
Scrolls
 c - a scroll of teleportation
 g - 2 scrolls of amnesia
 j - 2 scrolls of enchant weapon {unknown}
 n - 4 scrolls of identify
 p - 3 scrolls of enchant armour
 r - 4 scrolls of remove curse
 s - a scroll of fog
Potions
 h - 3 potions of flight
 l - 2 potions of might
 o - a potion of curing
 u - 2 potions of brilliance
 v - 4 potions of agility
Comestibles
 f - 7 rations


   Skills:
 - Level 0.7(0.0) Fighting
 * Level 8.3(6.6) Short Blades
 - Level 3.8(2.3) Throwing
 - Level 3.0(1.5) Dodging
 + Level 12.1(10.3) Stealth
 - Level 4.5(2.9) Evocations


You had 8 spell levels left.
You didn't know any spells.
Your spell library was empty.

Dungeon Overview and Level Annotations

Branches:
Dungeon (7/15)             Temple (1/1) D:5

Altars:
Ashenzari
Cheibriados
Dithmenos
Elyvilon
Fedhas
Gozag
Hepliaklqana
Nemelex Xobeh
Okawaru
Qazlal
Ru
Sif Muna
Trog
Uskayaw
Vehumet
Wu Jian
Yredelemnul
Zin
The Shining One
Lugonu

Shops:
D:6 [

Annotations:
D:4 Dowan, Duvessa, Grinder
D:5 Eustachio
D:6 Joseph
D:7 Menkaure


Innate Abilities, Weirdness & Mutations

You are very small and have problems with some larger weapons.
You are too small for most types of armour.
You have supernaturally acute eyesight. (SInv)
You are a herbivore.
You cover ground extremely quickly.
You need to consume almost no food.


Message History

You barely miss Joseph.
Joseph is moderately wounded.
Joseph zaps a wand.
The puff of flame hits you!
You barely miss Joseph.
Joseph is moderately wounded.
You barely miss Joseph.
Joseph is moderately wounded.
Joseph hits you with a +0 quarterstaff!
Joseph zaps a wand.
The puff of flame hits you!
* * * LOW HITPOINT WARNING * * *
You climb upwards.
There is a stone staircase leading down here.
You see here an arrow.
As you read the scroll of fear, it crumbles to dust.
You assume a fearsome visage.
Joseph looks frightened!
You hit Joseph.
Joseph looks as sick as possible!
Your attack snaps Joseph out of his fear.
Joseph is heavily wounded.
Joseph hits you with a +0 quarterstaff!
You die...

####...#####.<......(.....)##
##.##...>##...........(.....#.
#...#...##...........(...##...
##.................##.........#
##.....................###......
##..#..###.........)..#.# #......
#...............##...##.###(.....
.....#...........>....#..........
...####..).....(@.....).[........
...#.##.......#@..........#......
..........#...............##.....
.#......###...............###..(.
######...##...................#.#
##.# ###.####.................##.
.#.####....##............#.......
............##.........#.#.......
.......####.##.........).........


You could see Joseph.

Vanquished Creatures
  A hippogriff (D:6)
  A yak (D:6)
  A water moccasin (D:6)
  A necrophage (D:7)
  An ogre (D:6)
  A wolf (D:6)
  A big kobold (D:6)
  3 bullfrogs (D:6)
  A gnoll sergeant (D:6)
  2 scorpions
  2 wights (D:6)
  A howler monkey (D:5)
  A crimson imp (D:6)
  A jelly (D:6)
  A gnoll shaman (D:6)
  5 hounds
  An orc wizard (D:5)
  A bullfrog skeleton (D:6)
  An orc priest (D:4)
  Jessica (D:2)
  2 worker ants
  Robin (D:2)
  11 gnolls
  11 adders
  A shadow imp (D:5)
  An ooze (D:2)
  2 worms (D:2)
  A dart slug (D:2)
  13 orcs
  5 giant cockroaches
  13 goblins
  12 hobgoblins
  8 kobolds
  4 quokkas
  A ball python (D:2)
  12 bats
  2 frilled lizards
  2 leopard gecko skeletons
  A quokka zombie (D:5)
  11 rats
142 creatures vanquished.

Vanquished Creatures (others)
  A centaur (D:6)
1 creature vanquished.

Grand Total: 143 creatures vanquished

Notes
Turn   | Place    | Note
-------+----------+-------------------------------------------
     0 | D:1      | Emblim88 the Spriggan Artificer began the quest for the
                  | Orb.
     0 | D:1      | Reached XP level 1. HP: 9/9 MP: 4/4
   224 | D:1      | Reached skill level 2 in Stealth
   379 | D:1      | Reached XP level 2. HP: 13/14 MP: 6/6
  1058 | D:2      | Reached skill level 1 in Throwing
  1058 | D:2      | Reached skill level 3 in Stealth
  1130 | D:2      | Noticed Jessica
  1250 | D:2      | Killed Jessica
  1250 | D:2      | Reached skill level 4 in Stealth
  1250 | D:2      | Reached XP level 3. HP: 14/17 MP: 7/7
  1523 | D:2      | Reached XP level 4. HP: 21/21 MP: 8/8
  1624 | D:2      | Noticed Robin
  1640 | D:2      | Killed Robin
  1757 | D:2      | Found a sacrificial altar of Ru.
  1834 | D:2      | Reached skill level 5 in Stealth
  2449 | D:3      | Found a bloodstained altar of Trog.
  2451 | D:3      | Found a shattered altar of Ashenzari.
  2451 | D:3      | Found a hazy altar of Hepliaklqana.
  2451 | D:3      | Found a shimmering blue altar of Sif Muna.
  2538 | D:3      | Reached XP level 5. HP: 22/25 MP: 9/9
  2546 | D:3      | Found an ornate altar of the Wu Jian Council.
  2547 | D:3      | Found a blossoming altar of Fedhas.
  3006 | D:3      | Found a stormy altar of Qazlal.
  3862 | D:3      | Reached skill level 6 in Stealth
  5067 | D:3      | Found a white marble altar of Elyvilon.
  5067 | D:3      | Found an opulent altar of Gozag.
  5254 | D:4      | Noticed Duvessa
  5260 | D:4      | Noticed Dowan
  5328 | D:4      | Reached skill level 7 in Stealth
  5352 | D:4      | Found a glowing silver altar of Zin.
  5430 | D:4      | Noticed Grinder
  6081 | D:4      | Paralysed by Grinder for 4 turns
  6385 | D:4      | Reached XP level 6. HP: 29/29 MP: 10/10
  6397 | D:4      | Reached skill level 8 in Stealth
  7427 | D:4      | Reached skill level 9 in Stealth
  7465 | D:5      | Entered Level 5 of the Dungeon
  7484 | D:5      | Noticed Eustachio
  8140 | D:5      | Found a glowing golden altar of the Shining One.
  8313 | D:5      | Reached XP level 7. HP: 32/32 MP: 11/11
  8402 | D:5      | Found a staircase to the Ecumenical Temple.
  8426 | Temple   | Entered the Ecumenical Temple
  8456 | Temple   | Became a worshipper of Dithmenos the Shadowed
  9052 | D:6      | Found a radiant altar of Vehumet.
  9198 | D:6      | Reached skill level 10 in Stealth
  9481 | D:6      | Reached skill level 5 in Short Blades
  9481 | D:6      | Reached XP level 8. HP: 29/37 MP: 12/12
  9695 | D:6      | Found Hiv Sowo's Armour Emporium.
 10150 | D:7      | Noticed Joseph
 10186 | D:7      | Noticed Menkaure
 10233 | D:7      | Reached skill level 11 in Stealth
 10450 | D:7      | Noticed a hippogriff
 10907 | D:6      | Reached * piety under Dithmenos
 11055 | D:6      | Killed a hippogriff
 11789 | D:6      | Reached skill level 12 in Stealth
 11789 | D:6      | Reached XP level 9. HP: 22/40 MP: 13/13
 12496 | D:6      | Mangled by Joseph

Levels and vault maps discovered:
D:1:      kennysheep_arrival_seaside, layout_basic, minmay_tromino_i4
D:2:      layout_loops_ring, nicolae_ru_sacrificial_ziggurat, uniq_robin,
          uniq_jessica
D:3:      layout_loops_corners, nicolae_qazlal_eye_of_the_storm,
          grunt_temple_overflow_open, amethyst_overflow_temple_binary,
          first_ration
D:4:      layout_basic, kennysheep_mini_moat, fountainhead, uniq_grinder,
          uniq_duvessa
D:5:      layout_loops_ring, nicolae_tso_swordbearing_angel,
          minmay_temple_entry_glassed_door, uniq_eustachio
D:6:      layout_cave_pools, overflow_temple_1_default, serial_gnoll_camp,
          gnoll_camp_mini_house, gnoll_camp_mini_hut, gnoll_camp_mini_hut,
          gnoll_camp_mini_loothouse, serial_shops, shop
D:7:      layout_rooms, the_bakery, minmay_ruined_shrine, uniq_joseph,
          uniq_menkaure
Temple:   corrupted_temple

Skill      XL: |  1  2  3  4  5  6  7  8 |
---------------+-------------------------+-----
Stealth        | 2 4 5 7 9 10 12 | 12.1
Throwing       | 1 2 3 |  3.8
Short Blades   | 5 8 |  8.3
Fighting       | |  0.7
Dodging        | |  3.0
Evocations     | |  4.5

Action                   |  1- 3 |  4- 6 |  7- 9 || total
-------------------------+-------+-------+-------++-------
Melee: Short sword       |    40 |   195 |       ||   235
       Dagger            |       |     5 |   285 ||   290
Throw: Dart              |    60 |    46 |     4 ||   110
Evoke: Wand              |     6 |    34 |       ||    40
  Use: Scroll            |       |    12 |     1 ||    13
       Potion            |       |       |     3 ||     3
 Stab: Sleeping          |     5 |    21 |     7 ||    33
       Distracted        |     1 |     1 |     1 ||     3
       Paralysed         |       |     1 |       ||     1
  Eat: Ration            |       |     2 |     2 ||     4
Armor: Robe              |     6 |    15 |    12 ||    33
Dodge: Dodged            |    30 |   106 |   184 ||   320
Block: Buckler           |    19 |    61 |       ||    80
       Reflection        |     2 |     2 |     6 ||    10
       Other             |       |    21 |    55 ||    76
